 Dungeon Crawl Stone Soup version 0.21.1-1-g345015f (webtiles) character file.

62 tidbits the Insei (level 4, 28/34 HPs)
             Began as a Gnoll Transmuter on Mar 10, 2018.
             Quit the game on level 4 of the Dungeon.
             The game lasted 00:02:26 (356 turns).

tidbits the Insei (Gnoll Transmuter)                 Turns: 356, Time: 00:02:27

Health: 28/34      AC:  2    Str: 13    XL:     4   Next: 8%
Magic:  11/11      EV: 15    Int: 16    God:
Gold:   46         SH:  0    Dex: 15    Spells: 7/13 levels left

rFire    . . .     SeeInvis .     - Unarmed
rCold    . . .     Gourm    .   (no shield)
rNeg     . . .     Faith    .   b - +0 robe
rPois    .         Spirit   .   (no helmet)
rElec    .         Reflect  .   (no cloak)
rCorr    .         Harm     .   (no gloves)
MR       .....                  (no boots)
Stlth    ++........             g - amulet of inaccuracy (curse)
HPRegen  0.11/turn              (no ring)
MPRegen  0.12/turn              (no ring)

@: no status effects
A: distributed training, fangs 1, strong nose
a: no special abilities


You were on level 4 of the Dungeon.
You were not hungry.

You visited 1 branch of the dungeon, and saw 4 of its levels.

You collected 46 gold pieces.

Inventory:

Missiles
 a - 55 arrows
 f - 20 sling bullets
Armour
 b - a +0 robe (worn)
Jewellery
 g - a cursed amulet of inaccuracy (around neck)
   (You found it on level 3 of the Dungeon)
Scrolls
 e - a scroll of teleportation
Books
 c - a book of Changes

   Spells                             Type                      Level
   a - Beastly Appendage              Transmutation                1
   b - Sticks to Snakes               Transmutation                2
   c - Spider Form                    Transmutation/Poison         3
   d - Ice Form                       Ice/Transmutation            4
   e - Blade Hands                    Transmutation                5
Comestibles
 d - 2 rations
 h - 3 chunks of flesh


   Skills:
 + Level 2.7 Fighting
 + Level 1.0 Short Blades
 + Level 1.0 Long Blades
 + Level 1.0 Axes
 + Level 1.0 Maces & Flails
 + Level 1.0 Polearms
 + Level 1.0 Staves
 + Level 1.0 Slings
 + Level 1.0 Bows
 + Level 1.0 Crossbows
 + Level 1.0 Throwing
 + Level 1.0 Armour
 + Level 4.6 Dodging
 + Level 1.0 Stealth
 + Level 1.0 Shields
 + Level 6.5 Unarmed Combat
 + Level 5.0 Spellcasting
 + Level 0.7 Conjurations
 + Level 0.7 Hexes
 + Level 0.7 Charms
 + Level 0.7 Summonings
 + Level 0.7 Necromancy
 + Level 0.7 Translocations
 + Level 3.8 Transmutations
 + Level 0.7 Fire Magic
 + Level 0.7 Ice Magic
 + Level 0.7 Air Magic
 + Level 0.7 Earth Magic
 + Level 0.7 Poison Magic
 + Level 1.1 Invocations
 + Level 1.0 Evocations


You had 7 spell levels left.
You knew the following spells:

 Your Spells              Type           Power        Failure   Level  Hunger
e - Beastly Appendage     Tmut           ###...       3%          1    None
k - Sticks to Snakes      Tmut           ###.....     4%          2    #......
p - Spider Form           Tmut/Pois      ##........   19%         3    ###....


Dungeon Overview and Level Annotations

Branches:
Dungeon (4/15)
 Temple: D:4-7

Altars:

Annotations:
D:4 tidbits's ghost, weakling GnTm


Innate Abilities, Weirdness & Mutations

Your experience applies equally to all skills.
You have very sharp teeth.
Your uncanny sense of smell can sniff out nearby items.


Message History

You kill the bat!
You see here a bat corpse.
Found a dented pearl amulet.
You see here a dented pearl amulet.
g - a dented pearl amulet Your transformation has ended.
Your +0 robe unmelds from your body.
Put on which piece of jewellery? (? for menu, Esc to quit)
Oops, that amulet feels deathly cold.
g - a cursed amulet of inaccuracy (around neck)
You see here 19 gold pieces.
You now have 38 gold pieces (gained 19). 3 jackals come into view.
Found a robe.
There is a stone staircase leading down here.
As you read the scroll labeled ENIJUFOOQU, it crumbles to dust.
You feel strangely unstable.
It was a scroll of teleportation.
You climb downwards.
A quokka and a player ghost come into view.
Tidbits's ghost turns its malevolent gaze towards you.
There is a stone staircase leading up here.
Unknown command.
A leopard gecko and an adder come into view.
The quokka barely misses you.
The leopard gecko hisses angrily.
Unknown command.
Your surroundings suddenly seem different.
Found a cyan potion.
Unknown command.
Found 24 arrows.
You see here 24 arrows.
a - 55 arrows (gained 24)
You open the door.
There is an open door here.
The adder hisses angrily.
Unknown command.
Casting: Spider Form
Confirm with . or Enter, or press ? or * to list all spells.
You turn into a venomous arachnid creature.
Your +0 robe melds into your body.
You miss the adder. The adder completely misses you.
You miss the adder. The adder bites you.
You are poisoned.
The adder poisons you!
You closely miss the adder.
You feel sick. The adder barely misses you.
You bite the adder!
You kill the adder!
You feel sick.
You feel sick.
Your transformation is almost over.
You feel sick.
You feel sick.
Found 24 bolts.
Found 8 gold pieces.
Your transformation has ended.
Your +0 robe unmelds from your body.
You feel sick.
You feel sick.
You see here 8 gold pieces.
You now have 46 gold pieces (gained 8).
You feel sick.
You are no longer poisoned.
A worker ant comes into view.
Casting: Spider Form
Confirm with . or Enter, or press ? or * to list all spells.
You turn into a venomous arachnid creature.
Your +0 robe melds into your body.
Your transformation is almost over.
The worker ant twitches its antennae in your direction.
The worker ant misses you.
You bite the worker ant!
The worker ant looks as sick as possible!
The worker ant is heavily wounded.
The worker ant misses you.
You hit the worker ant.
You kill the worker ant!
Your Short Blades skill increases to level 1!
Your Long Blades skill increases to level 1!
Your Axes skill increases to level 1!
Your Maces & Flails skill increases to level 1!
Your Polearms skill increases to level 1!
Your Staves skill increases to level 1!
Your Slings skill increases to level 1!
Your Bows skill increases to level 1!
Your Crossbows skill increases to level 1!
Your Throwing skill increases to level 1!
Your Armour skill increases to level 1!
Your Stealth skill increases to level 1!
Your Shields skill increases to level 1!
Your Invocations skill increases to level 1!
Your Evocations skill increases to level 1!
You have reached level 4!
You feel stronger.
You see here a worker ant corpse.
You butcher the worker ant corpse.
You see here 3 chunks of flesh.
h - 3 chunks of flesh Your transformation has ended.
Your +0 robe unmelds from your body.
Magic restored.
Are you sure you want to abandon this character and quit the game? (Confirm with "yes".)

### ..# #####
###.#. #.@.#
....#. #.###
#.#.#. #.#
#.#.#.## ######.#
..(.#..#.#...##.#
....##.#.#.#.##.#
................#
....##.#####.####
....##.....#.#


There were no monsters in sight!

Vanquished Creatures
  A worker ant (D:4)
  2 adders
  An ooze (D:2)
  A dart slug (D:2)
  3 giant cockroaches
  3 goblins (D:3)
  A hobgoblin (D:3)
  2 quokkas
  A bat (D:3)
15 creatures vanquished.

Notes
Turn   | Place    | Note
-------+----------+-------------------------------------------
     0 | D:1      | tidbits the Gnoll Transmuter began the quest for the Orb.
     0 | D:1      | Reached XP level 1. HP: 17/17 MP: 6/6
    41 | D:2      | Reached XP level 2. HP: 20/23 MP: 7/7
    45 | D:2      | Learned a level 2 spell: Sticks to Snakes
   142 | D:3      | Reached XP level 3. HP: 17/28 MP: 7/9
   146 | D:3      | Reached skill level 5 in Spellcasting
   151 | D:3      | Learned a level 3 spell: Spider Form
   226 | D:4      | Noticed tidbits's ghost (weakling GnTm)
   318 | D:4      | Reached skill level 1 in Short Blades
   318 | D:4      | Reached skill level 1 in Long Blades
   318 | D:4      | Reached skill level 1 in Axes
   318 | D:4      | Reached skill level 1 in Maces & Flails
   318 | D:4      | Reached skill level 1 in Polearms
   318 | D:4      | Reached skill level 1 in Staves
   318 | D:4      | Reached skill level 1 in Slings
   318 | D:4      | Reached skill level 1 in Bows
   318 | D:4      | Reached skill level 1 in Crossbows
   318 | D:4      | Reached skill level 1 in Throwing
   318 | D:4      | Reached skill level 1 in Armour
   318 | D:4      | Reached skill level 1 in Stealth
   318 | D:4      | Reached skill level 1 in Shields
   318 | D:4      | Reached skill level 1 in Invocations
   318 | D:4      | Reached skill level 1 in Evocations
   318 | D:4      | Reached XP level 4. HP: 24/34 MP: 7/11
   356 | D:4      | Quit the game

Skill      XL: |  1  2  3 |
---------------+----------+-----
Spellcasting   | 5 |  5.0
Short Blades   | 1 |  1.0
Long Blades    | 1 |  1.0
Axes           | 1 |  1.0
Maces & Flails | 1 |  1.0
Polearms       | 1 |  1.0
Staves         | 1 |  1.0
Slings         | 1 |  1.0
Bows           | 1 |  1.0
Crossbows      | 1 |  1.0
Throwing       | 1 |  1.0
Armour         | 1 |  1.0
Stealth        | 1 |  1.0
Shields        | 1 |  1.0
Invocations    | 1 |  1.1
Evocations     | 1 |  1.0
Fighting       | |  2.7
Dodging        | |  4.6
Unarmed Combat | |  6.5
Conjurations   | |  0.7
Hexes          | |  0.7
Charms         | |  0.7
Summonings     | |  0.7
Necromancy     | |  0.7
Translocations | |  0.7
Transmutations | |  3.8
Fire Magic     | |  0.7
Ice Magic      | |  0.7
Air Magic      | |  0.7
Earth Magic    | |  0.7
Poison Magic   | |  0.7

Action                   |  1- 3 |  4- 6 || total
-------------------------+-------+-------++-------
Melee: Unarmed           |    46 |       ||    46
       Kick              |    10 |       ||    10
       Bite              |     1 |       ||     1
       Headbutt          |     3 |       ||     3
 Cast: Beastly Appendage |     5 |       ||     5
       Sticks to Snakes  |     2 |       ||     2
       Spider Form       |     4 |       ||     4
  Use: Scroll            |     1 |       ||     1
Armor: Robe              |     3 |       ||     3
Dodge: Dodged            |    34 |       ||    34

Table legend:
 A = Turns spent in this place as a percentage of turns spent in the entire game.
 B = Non-inter-level travel turns spent in this place as a percentage of non-inter-level travel turns spent in the entire game.
 C = Inter-level travel turns spent in this place as a percentage of turns spent in this place.
 D = Turns resting spent in this place as a percentage of non-inter-level travel turns spent in this place.
 E = Turns spent auto-exploring this place as a percentage of non-inter-level travel turns spent in this place.
 F = Non-inter-level travel turns spent in this place divided by the number of levels of this place that you've seen.
                   A       B       C       D       E      F
               +-------+-------+-------+-------+-------+----------------------
         Total | 100.0 | 100.0 |   0.0 |   0.0 |   0.0 |  89.0
       Dungeon | 100.0 | 100.0 |   0.0 |   0.0 |   0.0 |  89.0
               +-------+-------+-------+-------+-------+----------------------

Table legend:
 A = Kills in this place as a percentage of kills in entire the game.
 B = Kills by you in this place as a percentage of kills by you in the entire game.
 C = Kills by friends in this place as a percentage of kills by friends in the entire game.
 D = Other kills in this place as a percentage of other kills in the entire game.
 E = Experience gained in this place as a percentage of experience gained in the entire game.
 F = Experience gained in this place divided by the number of levels of this place that you have seen.
                   A       B       C       D       E      F
               +-------+-------+-------+-------+-------+----------------------
         Total | 100.0 | 100.0 |   N/A |   N/A | 100.0 |  22.2
       Dungeon | 100.0 | 100.0 |   N/A |   N/A | 100.0 |  22.2
               +-------+-------+-------+-------+-------+----------------------

Vault maps used:
D:1:      zaba_arrival_water
D:2:      kennysheep_generic_room_16
D:3:      gammafunk_temple_overflow_forgotten, uniq_robin
D:4:      cheibrodos_barr_body, temple_statues, grunt_tough_drop
